 Dungeon Crawl Stone Soup version 0.22-a0-782-g038298e (webtiles) character file.

789 Hebeh the Destroyer (level 7, -5/36 HPs)
             Began as a Deep Elf Conjurer on July 19, 2018.
             Slain by a hound (6 damage)
             ... on level 5 of the Dungeon.
             The game lasted 00:18:02 (4169 turns).

Hebeh the Destroyer (Deep Elf Conjurer)             Turns: 4169, Time: 00:18:03

Health: -5/36      AC:  3    Str:  5    XL:     7   Next: 56%
Magic:  1/18       EV: 13    Int: 22    God:
Gold:   250        SH:  0    Dex: 21    Spells: 7/18 levels left

rFire    . . .     SeeInvis .   a - staff of poison
rCold    . . .     Gourm    .   (no shield)
rNeg     + . .     Faith    .   l - +1 robe {MR+}
rPois    +         Spirit   .   (no helmet)
rElec    .         Reflect  .   (no cloak)
rCorr    .         Harm     .   (no gloves)
MR       +....                  (no boots)
Stlth    ++........             (no amulet)
HPRegen  0.12/turn              s - ring of positive energy
MPRegen  0.16/turn              r - +6 ring of dexterity

@: very slightly contaminated
A: no striking features
a: no special abilities


You were on level 5 of the Dungeon.
You were not hungry.

You visited 1 branch of the dungeon, and saw 5 of its levels.

You collected 250 gold pieces.

Inventory:

Hand Weapons
 b - a +0 hunting sling
 c - a +0 trident
Missiles
 f - 16 sling bullets
 g - 173 stones (quivered)
 y - 42 arrows
Armour
 d - a +0 robe
 l - a +1 robe of magic resistance (worn)
 C - a +0 pair of gloves
Magical Staves
 a - an uncursed staff of poison (weapon)
Jewellery
 r - a +6 ring of dexterity (right hand)
 s - a ring of positive energy (left hand)
 B - a cursed amulet of inaccuracy {unknown}
Scrolls
 e - 2 scrolls of random uselessness {unknown}
 h - 3 scrolls of identify {unknown}
 i - 2 scrolls of remove curse {unknown}
 j - 3 scrolls of teleportation {unknown}
 q - 2 scrolls of enchant weapon {unknown}
 t - a scroll of amnesia {unknown}
 w - 2 scrolls of blinking {unknown}
 x - a scroll of noise {unknown}
Potions
 k - a potion of flight {unknown}
 m - 3 potions of curing {unknown}
 n - a potion of lignification {unknown}
 o - a potion of brilliance {unknown}
 u - a potion of cancellation {unknown}
 z - a potion of might {unknown}
 A - a potion of haste {unknown}
Comestibles
 p - 10 rations
 v - 9 chunks of flesh


   Skills:
 - Level 2.4 Dodging
 - Level 2.4 Stealth
 + Level 6.3 Spellcasting
 * Level 8.2 Conjurations
 * Level 3.8 Translocations


You had 7 spell levels left.
You knew the following spells:

 Your Spells              Type           Power        Failure   Level  Hunger
a - Magic Dart            Conj           ####         1%          1    None
b - Iskenderun's Mystic   Conj           #####...     3%          4    ###....
c - Searing Ray           Conj           #####.       1%          2    None
d - Force Lance           Conj/Tloc      ####....     8%          4    ###....

Your spell library contained the following spells:

 Spells                   Type           Power        Failure   Level  Hunger
 Fulminant Prism          Conj/Hex       ####......   16%         4    ###....
 Dazzling Spray           Conj/Hex       ####..       4%          3    #......


Dungeon Overview and Level Annotations

Branches:
Dungeon (5/15)
 Temple: D:4-7

Altars:
Ashenzari
Dithmenos
Elyvilon
Fedhas
Gozag
Zin

Shops:
D:4 *   D:5 (

Annotations:
D:3 3 runed doors, Dexter94's ghost, amateur HOFi


Message History

Aim: a worker ant (severely wounded)
The magic dart hits the hound.
The hound is heavily wounded.
The hound barely misses you. x2
Casting: Magic Dart (safe; 1% risk of failure)
Confirm with . or Enter, or press ? or * to list all spells.
Aiming: Magic Dart (safe; 1% risk of failure)
Press: ? - help, Shift-Dir - straight line, f/p - worker ant
Aim: a worker ant (severely wounded)
The magic dart hits the hound.
The hound is severely wounded.
The hound misses you. The hound bites you.
* * * LOW HITPOINT WARNING * * *
The hound bites you but does no damage. The hound completely misses you.
The hound bites you.
* * * LOW HITPOINT WARNING * * *
The hound bites you.
You die...

# #) #..# #. #. #..#
#.##. #..# #...( #...
###.. #.## ##... #..##
##....
.###########...####.....
.......@ha........'.....
...#########...####.<...
##....## ##.... #.....#
##... #.....# ##..
#...[.# ##+
##...######## #.
#####.#.......# #.
#.......#####.###.


You could see a hound and a worker ant.

Vanquished Creatures
  Sigmund (D:2)
  A black bear (D:5)
  2 centaurs (D:5)
  A crimson imp (D:5)
  A bullfrog skeleton (D:4)
  A hound (D:4)
  An orc wizard (D:3)
  A centaur skeleton (D:4)
  2 worker ants
  4 gnolls (D:5)
  6 adders
  2 oozes
  An adder skeleton (D:4)
  A worm (D:2)
  2 dart slugs (D:1)
  5 leopard geckos
  7 orcs
  2 ball pythons
  4 bats
  6 giant cockroaches
  8 goblins
  6 hobgoblins
  4 jackals
  2 frilled lizards (D:1)
  4 kobolds
  2 leopard gecko skeletons
  4 rats (D:1)
81 creatures vanquished.

Notes
Turn   | Place    | Note
-------+----------+-------------------------------------------
     0 | D:1      | Hebeh the Deep Elf Conjurer began the quest for the Orb.
     0 | D:1      | Reached XP level 1. HP: 10/10 MP: 6/6
   234 | D:1      | Reached XP level 2. HP: 15/15 MP: 6/8
   374 | D:1      | Reached skill level 5 in Conjurations
   629 | D:1      | Reached XP level 3. HP: 19/19 MP: 8/10
   633 | D:1      | Learned a level 2 spell: Searing Ray
  1217 | D:2      | Noticed Sigmund
  1223 | D:2      | Killed Sigmund
  1223 | D:2      | Reached skill level 5 in Spellcasting
  1223 | D:2      | Reached skill level 6 in Conjurations
  1223 | D:2      | Reached XP level 4. HP: 12/24 MP: 3/13
  1223 | D:2      | Reached XP level 5. HP: 14/28 MP: 3/14
  1973 | D:3      | Found a shadowy altar of Dithmenos.
  1973 | D:3      | Found a blossoming altar of Fedhas.
  1973 | D:3      | Found a glowing silver altar of Zin.
  2060 | D:3      | Found a shattered altar of Ashenzari.
  2061 | D:3      | Found a white marble altar of Elyvilon.
  2098 | D:3      | Found an opulent altar of Gozag.
  2197 | D:3      | Reached skill level 7 in Conjurations
  2197 | D:3      | Reached XP level 6. HP: 22/32 MP: 9/16
  2302 | D:3      | Learned a level 4 spell: Iskenderun's Mystic Blast
  2307 | D:3      | Learned a level 4 spell: Force Lance
  2410 | D:3      | Found a runed gate.
  2438 | D:3      | Found a runed gate.
  2438 | D:3      | Found a runed gate.
  2503 | D:3      | Noticed Dexter94's ghost (amateur HOFi)
  2880 | D:4      | Reached skill level 1 in Translocations
  3411 | D:4      | Found Ynadela's General Store.
  3481 | D:5      | Entered Level 5 of the Dungeon
  3624 | D:5      | Reached XP level 7. HP: 36/36 MP: 0/17
  3873 | D:5      | Found Xodghudi's Weapon Shoppe.
  3948 | D:5      | Reached skill level 8 in Conjurations
  4161 | D:5      | HP: 1/36 [hound (3)]
  4167 | D:5      | HP: 1/36 [hound (1)]
  4169 | D:5      | Slain by a hound

Vault maps used:
D:1:      dpeg_arrival_fog, serial_bayou_crossing
D:2:      first_ration, uniq_sigmund
D:3:      grunt_temple_overflow_open, gammafunk_ghost_necromancy,
          grunt_gozag_breadcrumbs
D:4:      serial_shops, nicolae_shop_statue_plus
D:5:      black_bear_nest_1, serial_shops, nicolae_shop_stone

Skill      XL: |  1  2  3  4  5  6  7 |
---------------+----------------------+-----
Conjurations   | 5 6 7 8 |  8.2
Spellcasting   | 5 6 |  6.3
Translocations | 2 3 |  3.8
Dodging        | |  2.4
Stealth        | |  2.4

Action                   |  1- 3 |  4- 6 |  7- 9 || total
-------------------------+-------+-------+-------++-------
Melee: Staff             |       |       |     8 ||     8
 Cast: Magic Dart        |    40 |   102 |    15 ||   157
       Searing Ray       |     5 |     8 |     2 ||    15
       Iskenderun's Myst |       |     2 |     6 ||     8
  Eat: Chunk             |     1 |     3 |     3 ||     7
       Ration            |       |     1 |       ||     1
Armor: Robe              |     1 |     5 |     3 ||     9
Dodge: Dodged            |     2 |     7 |    24 ||    33

Table legend:
 A = Spawn XP
 B = Non-spawn XP
 C = Spawn XP percentage of total XP
 D = Spawn monster count
 E = Non-spawn monster count
 F = Spawn count percentage of total count
 G = Total turns spent on level
                    A         B        C        D         E        F      G
               +---------+---------+-------+---------+---------+-------+---------
         Total |       0 |    1128 |   0.0 |       0 |      81 |   0.0 |  4169
               +---------+---------+-------+---------+---------+-------+---------
           D:1 |       0 |      51 |   0.0 |       0 |      25 |   0.0 |  1049
           D:2 |       0 |     269 |   0.0 |       0 |      10 |   0.0 |   924
           D:3 |       0 |     124 |   0.0 |       0 |      26 |   0.0 |   895
           D:4 |       0 |     183 |   0.0 |       0 |       7 |   0.0 |   613
           D:5 |       0 |     501 |   0.0 |       0 |      13 |   0.0 |   688
               +---------+---------+-------+---------+---------+-------+---------
